 Dungeon Crawl Stone Soup version 0.22.1-1-ga44c0e5 (webtiles) character file.

51 inc the Scratcher (level 3, 17/17 HPs)
             Began as a Felid Monk on Oct 28, 2018.
             Quit the game on level 4 of the Dungeon.
             The game lasted 00:02:45 (2856 turns).

inc the Scratcher (Felid Monk)                      Turns: 2856, Time: 00:02:46

Health: 17/17      AC:  1    Str:  7    XL:     3   Next: 58%
Magic:  4/4        EV: 20    Int: 11    God:
Gold:   163        SH:  0    Dex: 19    Spells: 2/2 levels left
                                        Lives:  0   Deaths: 1

rFire    . . .     SeeInvis +     - Unarmed
rCold    . . .     Gourm    .   (shield unavailable)
rNeg     . . .     Faith    .   (armour unavailable)
rPois    .         Spirit   .   (helmet unavailable)
rElec    .         Reflect  .   (cloak unavailable)
rCorr    .         Harm     .   (gloves unavailable)
MR       .....                  (boots unavailable)
Stlth    +++.......             (no amulet)
HPRegen  0.05/turn              (no ring)
MPRegen  0.09/turn              (no ring)

@: quick
A: very small, no armour, no weapons or thrown items, stealth, claws 1, fangs 3,
see invisible, carnivore, speed 1, shaggy fur 1, slow metabolism 1, sharp paws
a: no special abilities


You were on level 4 of the Dungeon.
You were not hungry.

You visited 1 branch of the dungeon, and saw 4 of its levels.

You collected 163 gold pieces.

Inventory:

Wands
 l - a wand of iceblast (5)
Scrolls
 d - a scroll of blinking {unknown}
 h - 3 scrolls of teleportation {unknown}
 i - a scroll of identify {unknown}
 j - a scroll of remove curse {unknown}
 n - a scroll of magic mapping {unknown}
Potions
 b - 2 potions of degeneration
 c - 2 potions of brilliance
 e - a potion of mutation {unknown}
 f - 2 potions of curing {unknown}
 g - 3 potions of flight {unknown}
 k - 2 potions of haste {unknown}
 m - a potion of heal wounds {unknown}
 o - a potion of cancellation {unknown}
Comestibles
 a - 4 rations


   Skills:
 - Level 3.0 Fighting
 - Level 4.0 Dodging
 - Level 2.6 Stealth
 + Level 5.4 Unarmed Combat


You had 2 spell levels left.
You didn't know any spells.
Your spell library contained the following spells:

 Spells                   Type           Power        Failure   Level  Hunger
 Animate Skeleton         Necr           N/A          34%         1    ##.....
 Pain                     Necr           #...         34%         1    ##.....
 Regeneration             Chrm/Necr      #.........   71%         3    ####...
 Vampiric Draining        Necr           #.........   71%         3    ####...
 Animate Dead             Necr           N/A          98%         4    #####..


Dungeon Overview and Level Annotations

Branches:
Dungeon (4/15)
 Temple: D:4-7

Altars:
Okawaru


Innate Abilities, Weirdness & Mutations

You cannot wear armour.
You are incapable of wielding weapons or throwing items.
Your paws allow you to move quietly. (Stealth)
You have sharp claws.
You have razor-sharp teeth.
You have supernaturally acute eyesight. (SInv)
You are carnivorous and can eat meat at any time.
You cover ground quickly.
You are covered in fur. (AC +1)
You have a slow metabolism.
Your sharp claws are effective at attacking unaware monsters.


Message History

The scorpion is severely wounded.
The scorpion stings you!
* * * LOW HITPOINT WARNING * * *
You are lethally poisoned!
The scorpion poisons you!
Unknown command.
It was a potion of degeneration.
There was something very wrong with that liquid.
You feel weakened.
You feel dopey.
You feel clumsy.
* * * LOW HITPOINT WARNING * * *
You feel sick. The scorpion misses you.
It was a potion of brilliance.
You feel clever all of a sudden.
* * * LOW HITPOINT WARNING * * *
You feel sick. The scorpion stings you!
You die...
You are now level 3!
You rejoin the land of the living...
Found a puce potion.
Found a stone staircase leading down.
Are you sure you want to abandon this character and quit the game? (Confirm

###+##
#.@..#
#....#
#....#
#....#
#....#
...>.#
#....#
#..!.#


There were no monsters in sight!

Vanquished Creatures
  2 adders (D:3)
  2 oozes
  2 adder skeletons (D:4)
  2 worms
  A leopard gecko (D:3)
  4 orcs
  A ball python (D:3)
  11 bats
  7 goblins
  11 hobgoblins
  3 jackals (D:1)
  5 kobolds
  2 quokkas
  A frilled lizard (D:1)
  8 rats
62 creatures vanquished.

Notes
Turn   | Place    | Note
-------+----------+-------------------------------------------
     0 | D:1      | inc the Felid Monk began the quest for the Orb.
     0 | D:1      | Reached XP level 1. HP: 10/10 MP: 2/2
   117 | D:1      | Reached XP level 2. HP: 14/14 MP: 3/3
   519 | D:1      | Reached skill level 4 in Unarmed Combat
   944 | D:2      | Reached XP level 3. HP: 3/17 MP: 4/4
  1898 | D:3      | Reached XP level 4. HP: 17/21 MP: 5/5
  1925 | D:3      | Reached skill level 5 in Unarmed Combat
  2120 | D:3      | Found an iron altar of Okawaru.
  2854 | D:4      | HP: 1/21 [poisoned by a scorpion]
  2855 | D:4      | Mangled by a scorpion
  2856 | D:4      | Reached XP level 3. HP: -6/17 MP: 4/4
  2856 | D:4      | Quit the game

Skill      XL: |  1  2  3  4 |
---------------+-------------+-----
Unarmed Combat | 4 5 |  5.4
Fighting       | |  3.0
Dodging        | |  4.0
Stealth        | |  2.6

Action                   |  1- 3 |  4- 6 || total
-------------------------+-------+-------++-------
Melee: Unarmed           |   110 |    49 ||   159
       Bite              |    15 |     1 ||    16
       Punch             |     1 |     3 ||     4
  Use: Potion            |       |     2 ||     2
 Stab: Sleeping          |     7 |     4 ||    11
  Eat: Chunk             |       |     3 ||     3
Armor: Skin              |     5 |     1 ||     6
Dodge: Dodged            |    99 |    37 ||   136
